Map: Deathaura LE

Players

Serral

  • Race: Zerg Zerg
  • League: Grandmaster
  • Spawn Location: 5:00

Rail - Winner!

  • Race: Protoss Protoss
  • League: Master
  • Spawn Location: 11:00

Event: DreamHack SC2 Masters 2020 Winter

VOD

Have the link to the VOD?

Description

Time

  • Played on: Nov. 1, 2020, 1:24 p.m.
  • Length: 11:03

All games in this series

Show
View Real Time Build Order
Export as new Build Order

Serral Zerg 

Build Orders: Hatch First 

Get SALT Encoding   

  12  0:00  Drone  
  13  0:11  Overlord  
  13  0:17  Drone  
  14  0:30  Drone  
  14  0:31  Drone  
  16  0:47  Hatchery  
  15  0:50  Drone  
  15  0:54  Drone  
  17  0:57  Drone  
  18  1:08  Extractor  
  17  1:12  Spawning Pool  
  17  1:16  Drone  
  17  1:19  Drone  
  18  1:27  Drone  
  19  1:40  Drone  
  20  1:49  Overlord  
  20  1:59  Queen x2  
  20  2:00  Zergling x4  
  26  2:10  Drone  
  26  2:11  Drone  
  28  2:20  Drone  
  28  2:21  Drone  
  30  2:32  Drone, Hatchery  
  30  2:33  Drone  
  31  2:39  Pneumatized Carapace  
  31  2:44  Overlord  
  31  2:47  Drone  
  32  2:52  Queen  
  32  2:58  Drone x2  
  36  3:05  Drone x2  
  38  3:07  Drone x2  
  38  3:10  Overlord  
  40  3:14  Drone  
  40  3:16  Drone  
  40  3:18  Metabolic Boost  
  42  3:28  Queen, Overlord  
  44  3:36  Drone  
  44  3:38  Drone, Roach Warren  
  44  3:39  Drone  
  44  3:40  Drone  
  47  3:43  Drone  
  47  3:44  Drone  
  47  3:46  Drone  
  47  3:48  Drone  
  51  3:51  Queen  
  53  3:56  Drone x2  
  53  4:00  Drone x2  
  53  4:01  Drone  
  53  4:02  Drone  
  59  4:04  Drone  
  59  4:08  Overlord  
  60  4:10  Drone x2  
  60  4:14  Lair  
  62  4:19  Evolution Chamber, Extractor x2  
  62  4:20  Drone x2  
  61  4:25  Overlord  
  61  4:26  Drone x3  
  64  4:32  Overlord  
  64  4:34  Spore Crawler  
  64  4:37  Drone x3  
  66  4:40  Zergling x2  
  66  4:41  Zergling x10  
  72  4:45  Zerg Melee Weapons Level 1  
  72  4:51  Drone x3  
  75  5:00  Roach x2  
  75  5:03  Hatchery  
  77  5:07  Roach  
  77  5:08  Roach x3  
  77  5:11  Overlord  
  77  5:14  Overlord  
  85  5:15  Zergling x2  
  85  5:20  Overlord  
  86  5:22  Roach x2  
  86  5:25  Overlord  
  86  5:28  Overlord  
  90  5:31  Overlord  
  90  5:33  Ravager  
  90  5:34  Ravager  
  90  5:35  Roach  
  94  5:36  Extractor  
  94  5:40  Zergling x8  
  97  5:47  Roach x2, Zergling x10  
  106  5:55  Baneling Nest  
  105  5:59  Drone  
  105  6:00  Drone x4  
  105  6:01  Spore Crawler  
  105  6:03  Drone  
  110  6:10  Drone x4  
  114  6:12  Extractor  
  114  6:13  Glial Reconstitution  
  114  6:18  Drone x3  
  116  6:24  Drone x2  
  116  6:27  Drone, Queen  
  116  6:28  Drone x6  
  125  6:35  Overlord, Ravager x3  
  125  6:36  Overseer  
  128  6:42  Evolution Chamber, Drone  
  128  6:43  Centrifical Hooks  
  128  6:44  Overlord x3  
  128  6:45  Overlord  
  128  6:56  Zerg Melee Weapons Level 2  
  128  6:59  Extractor, Overlord  
  128  7:01  Overlord  
  127  7:04  Drone  
  127  7:05  Drone x10  
  137  7:10  Infestation Pit  
  137  7:12  Extractor  
  137  7:13  Drone x2  
  137  7:16  Drone x2  
  137  7:17  Drone  
  140  7:23  Roach x4  
  140  7:24  Zergling x6  
  140  7:26  Zerg Missile Weapons Level 1  
  151  7:34  Hatchery  
  151  7:36  Zergling x10  
  151  7:37  Zergling x12  
  161  7:39  Overseer, Ravager x3  
  161  7:42  Baneling x3  
  164  7:45  Overlord  
  164  7:48  Zergling x2  
  164  7:49  Zergling x10  
  170  7:52  Hive  
  170  7:57  Zergling x8  
  174  8:04  Spire  
  172  8:07  Zergling x4  
  172  8:08  Zergling x12  
  178  8:15  Drone  
  178  8:17  Baneling x8  
  178  8:18  Overlord  
  179  8:20  Drone  
  179  8:23  Zergling x6  
  179  8:25  Overlord x3  
  181  8:35  Baneling x6, Overlord x2  
  181  8:36  Overlord x2  
  179  8:50  Zergling x36, Spine Crawler  
  179  8:51  Hatchery  
  184  8:56  Baneling x7  
  184  9:01  Baneling x6  
  149  9:11  Zergling x8  
  149  9:12  Zergling x18  
  154  9:17  Roach x4  
  162  9:26  Roach x2, Zergling x2  
  162  9:28  Baneling x12  
  162  9:29  Ravager x2  
  171  9:36  Baneling x15  
  169  9:39  Zergling x24  
  181  9:47  Viper  
  181  9:49  Baneling x5  
  184  9:53  Baneling x3  
  184  10:01  Baneling x6  
  161  10:12  Zergling x44  
  161  10:20  Baneling x4  
  156  10:23  Ravager x3  
  156  10:24  Zergling x2  
  156  10:25  Zergling x10  
  165  10:28  Roach  
  165  10:29  Roach  
  165  10:30  Roach  
  165  10:32  Baneling x7  
  168  10:37  Baneling  
  168  10:38  Baneling x2  
  168  10:42  Extractor x2, Zergling x20  
  175  10:45  Baneling x5  
  161  10:52  Hatchery  
Show
View Real Time Build Order
Export as new Build Order

Rail Protoss - Winner!

Build Orders: 1 Gate Expand 

Get SALT Encoding   

  12  0:01  Probe  
  13  0:13  Probe  
  14  0:20  Pylon  
  14  0:25  Probe (Chrono Boost)  
  15  0:38  Probe (Chrono Boost)  
  15  0:39  Gateway  
  16  0:46  Probe (Chrono Boost)  
  16  0:47  Assimilator  
  17  0:52  Probe  
  18  1:05  Probe  
  19  1:17  Probe  
  20  1:23  Nexus  
  20  1:33  Cybernetics Core  
  20  1:34  Probe  
  21  1:42  Assimilator  
  21  1:46  Pylon  
  21  1:48  Probe (Chrono Boost)  
  22  2:00  Probe (Chrono Boost)  
  23  2:05  Probe (Chrono Boost)  
  24  2:09  Stalker, Warp Gate  
  24  2:15  Probe (Chrono Boost)  
  27  2:25  Robotics Facility  
  27  2:26  Probe (Chrono Boost)  
  28  2:32  Probe (Chrono Boost)  
  28  2:35  Probe (Chrono Boost)  
  30  2:39  Stalker  
  34  2:45  Probe (Chrono Boost)  
  34  2:46  Probe (Chrono Boost)  
  34  2:50  Probe (Chrono Boost)  
  34  2:53  Probe  
  34  2:56  Gateway  
  36  3:01  Probe  
  37  3:05  Probe  
  39  3:13  Pylon, Observer (Chrono Boost), Probe  
  39  3:16  Robotics Bay  
  39  3:17  Probe  
  41  3:26  Warp Prism (Chrono Boost), Probe  
  42  3:30  Probe  
  42  3:33  Assimilator  
  45  3:38  Probe  
  46  3:42  Probe  
  47  3:50  Pylon, Probe  
  47  3:54  Probe  
  49  3:59  Gateway  
  49  4:00  Gateway, Disruptor (Chrono Boost)  
  49  4:01  Gravitic Drive (Chrono Boost), Assimilator  
  49  4:02  Probe  
  53  4:12  Probe  
  53  4:13  Gateway  
  54  4:17  Gateway  
  54  4:24  Pylon  
  54  4:29  Immortal  
  58  4:31  Sentry  
  58  4:32  Probe  
  61  4:44  Pylon  
  61  4:46  Sentry  
  61  4:48  Nexus  
  63  4:52  Pylon  
  63  4:57  Sentry  
  65  5:08  Probe, Sentry  
  65  5:09  Zealot  
  70  5:15  Zealot, Shield Battery, Probe, Sentry  
  70  5:17  Stalker  
  77  5:23  Stalker  
  77  5:24  Probe  
  80  5:30  Probe  
  81  5:36  Probe  
  81  5:42  Probe  
  83  5:47  Twilight Council  
  83  5:48  Forge, Probe  
  84  5:54  Stalker  
  86  6:00  Probe x2 (Chrono Boost)  
  86  6:02  Probe (Chrono Boost)  
  95  6:04  Pylon, Observer  
  95  6:10  Probe (Chrono Boost)  
  92  6:11  Probe (Chrono Boost)  
  92  6:12  Probe (Chrono Boost)  
  92  6:15  Pylon, Probe (Chrono Boost)  
  92  6:17  Probe  
  92  6:18  Probe  
  94  6:22  Colossus (Chrono Boost)  
  94  6:24  Protoss Ground Weapons Level 1 (Chrono Boost)  
  94  6:25  Assimilator  
  96  6:26  Probe  
  96  6:28  Assimilator, Blink  
  96  6:29  Probe  
  96  6:30  Probe  
  105  6:36  Pylon  
  105  6:38  Probe  
  106  6:41  Probe  
  106  6:42  Probe  
  106  6:45  Gateway  
  108  6:47  Gateway  
  108  6:50  Gateway  
  108  6:51  Probe  
  108  6:52  Gateway  
  108  6:53  Probe  
  110  6:55  Stalker  
  110  6:57  Extended Thermal Lance  
  112  7:05  Colossus (Chrono Boost), Stalker x2  
  116  7:12  Pylon  
  116  7:14  Pylon, Sentry  
  124  7:25  Pylon  
  124  7:26  Pylon  
  124  7:27  Pylon  
  119  7:38  Sentry  
  119  7:39  Stalker x2  
  119  7:40  Stalker x3  
  119  7:41  Warp Prism (Chrono Boost)  
  131  7:47  Stalker x2  
  137  7:58  Stalker x2  
  141  8:05  Disruptor (Chrono Boost)  
  141  8:06  Pylon  
  141  8:09  Nexus  
  141  8:11  Stalker x2, Sentry  
  149  8:17  Stalker  
  151  8:22  Stalker x2  
  151  8:25  Stalker  
  151  8:26  Stalker  
  159  8:29  Charge  
  159  8:40  Colossus (Chrono Boost), Photon Cannon  
  159  8:41  Shield Battery  
  159  8:47  Pylon  
  165  8:55  Stalker, Sentry x2  
  167  8:58  Pylon  
  155  9:17  Stalker x4  
  155  9:22  Stalker x3  
  155  9:23  Stalker x2  
  173  9:27  Probe  
  173  9:30  Stalker  
  176  9:44  Stalker x4, Sentry  
  176  9:45  Zealot x2  
  188  9:47  Stalker, Zealot  
  192  10:01  Stalker  
  152  10:15  Stalker  
  152  10:16  Stalker x7  
  152  10:18  Probe  
  152  10:19  Probe  
  170  10:23  Stalker  
  170  10:26  Stalker  
  174  10:39  Stalker, Zealot x3  
  174  10:40  Zealot x4  
  143  10:59  Stalker x2  
  143  11:00  Stalker x4  
  143  11:01  Stalker  
  143  11:02  Stalker  
Tags
 
Add a new tag
Caveats
  • Supply blocks, unpowered buildings, or Contaminate may cause inaccurate times.
  • Supply counts are checked every 10 seconds.